 Dungeon Crawl Stone Soup version 0.18-a0-1639-g7533f42 (webtiles) character file.

141 namelastname112 the Ruffian (level 5, 0/37 HPs)
             Began as a Draconian Transmuter on Mar 27, 2016.
             Succumbed to Crazy Yiuf's poison
             ... on level 2 of the Dungeon.
             The game lasted 00:02:56 (1674 turns).

namelastname112 the Ruffian (Draconian Transmuter)  Turns: 1674, Time: 00:02:58

Health: 0/37       AC:  6    Str: 13    XL:     5   Next: 3%
Magic:  8/8        EV: 12    Int: 18    God:
Gold:   102        SH:  0    Dex: 12    Spells: 1 memorised, 7 levels left

rFire  . . .     SeeInvis .     c - bread ration
rCold  . . .     Gourm    .     (armour unavailable)
rNeg   . . .     Faith    .     (no shield)
rPois  .         Spirit   .     (helmet restricted)
rElec  .         Dismiss  .     (no cloak)
rCorr  .         Reflect  .     s - +0 pair of gloves
SustAt .         Harm     .     (no boots)
MR     .....                    (no amulet)
Stlth  ++........               (no ring)
                                q - ring of stealth

@: brilliant, lethally poisoned (0 -> -3), flying, not resistant to hostile
enchantments, unstealthy
A: unfitting armour, horns 1, frail 1, slow regeneration 1, cold-blooded, AC +5
a: no special abilities


You were on level 2 of the Dungeon.
You were not hungry.

You visited 1 branch of the dungeon, and saw 2 of its levels.

You collected 102 gold pieces.

Inventory:

Hand Weapons
 i - a +2 dagger of electrocution
Missiles
 a - 12 arrows
Armour
 s - a +0 pair of gloves (worn)
Jewellery
 q - a ring of stealth (left hand)
Scrolls
 f - 4 scrolls of teleportation {unknown}
 g - 3 scrolls of identify {unknown}
 h - 3 scrolls of remove curse {unknown}
 j - a scroll of fear {unknown}
 k - a scroll of recharging {unknown}
 p - a scroll of magic mapping {unknown}
 r - a scroll of immolation {unknown}
 w - a scroll of noise {unknown}
Books
 b - a book of Changes

   Spells                             Type                      Level
   a - Beastly Appendage              Transmutation                1
   b - Sticks to Snakes               Transmutation                2
   c - Spider Form                    Transmutation/Poison         3
   d - Ice Form                       Ice/Transmutation            4
   e - Blade Hands                    Transmutation                5
Comestibles
 c - a bread ration (in hand)
 d - 4 fruits
 m - a meat ration
 v - a slice of pizza


   Skills:
 + Level 2.7 Fighting
 + Level 2.3 Dodging
 * Level 4.8 Unarmed Combat
 - Level 2.0 Spellcasting
 - Level 2.0 Transmutations


You had 7 spell levels left.
You knew the following spells:

 Your Spells              Type           Power        Failure   Level  Hunger
a - Beastly Appendage     Trmt           ###...       1%          1    #......


Dungeon Overview and Level Annotations

Branches:
Dungeon (2/15)

Altars:
Okawaru


Innate Abilities, Weirdness & Mutations

Your plain brown scales are hard (AC +5).
Your body does not fit into most forms of armour.
You are cold-blooded and may be slowed by cold attacks.
You have a pair of small horns on your head.
You are frail (-10% HP).
You regenerate slowly when monsters are visible.


Message History

* * * LOW HITPOINT WARNING * * *
You feel sick.
You swing at nothing.
* * * LOW HITPOINT WARNING * * *
You feel sick.
You swing at nothing.
* * * LOW HITPOINT WARNING * * *
You feel sick.
You are alive.
You are brilliant.
You are lethally poisoned (2 -> -2).
You are flying.
Your flying speed is average.
Your attack speed is quite slow (and cannot be improved with additional weapon skill).
Your base attributes are Str 13, Int 13, Dex 12.
You are not resistant to hostile enchantments.
You are unstealthy.
You swing at nothing.
You swing at nothing.
* * * LOW HITPOINT WARNING * * *
You feel sick.
You swing at nothing.
You die...

#.# #####.##.........
##.###............#.# #
####...##.###..........#
.# ##.........#
#######†.#.###.#
#...#...####
#####...#.....#
#...##.##
####.....#.###.#.....
##...##.#
#...[....#.....# .##
........#
#.#.#.###..####...
........#
#@#.#......)).....
........#
#.#.###.#.#######.
.#..)#### #......(†.#
.#...# #####.#..## ###.
>#...# ##.#.#####....
....## #.........# .#..#
#.........# .#..#
###.###<### .#..# #.#
#.####♣


There were no monsters in sight!

Vanquished Creatures
  Crazy Yiuf (D:2)
  Robin (D:2)
  2 gnolls (D:2)
  2 adders (D:2)
  An ooze (D:2)
  A worm (D:2)
  A dart slug (D:1)
  2 giant geckos (D:2)
  An orc (D:2)
  A ball python (D:2)
  A bat (D:1)
  A giant cockroach (D:1)
  15 goblins
  9 hobgoblins
  5 kobolds
  6 rats
50 creatures vanquished.

Notes
Turn   | Place    | Note
--------------------------------------------------------------
     0 | D:1      | namelastname112 the Draconian Transmuter began the quest for the Orb.
     0 | D:1      | Reached XP level 1. HP: 16/16 MP: 3/3
     0 | D:1      | xeno23: бери мибе
     0 | D:1      | xeno23: и не выебывайся
     0 | D:1      | namelastname112: нет
   149 | D:1      | xeno23: желейки разве двери могут есть?
   192 | D:1      | namelastname112: да
   241 | D:1      | Reached XP level 2. HP: 21/23 MP: 5/5
   833 | D:2      | Reached skill level 4 in Unarmed Combat
   834 | D:2      | Reached XP level 3. HP: 14/28 MP: 6/6
  1236 | D:2      | Reached XP level 4. HP: 14/36 MP: 7/7
  1370 | D:2      | Found an iron altar of Okawaru.
  1551 | D:2      | Noticed Robin
  1583 | D:2      | Killed Robin
  1616 | D:2      | Noticed Crazy Yiuf
  1627 | D:2      | Paralysed by Crazy Yiuf for 4 turns
  1659 | D:2      | Killed Crazy Yiuf
  1659 | D:2      | Reached XP level 5. HP: 11/42 MP: 8/8
  1662 | D:2      | Gained mutation: You have a pair of small horns on your head. [potion of mutation]
  1662 | D:2      | Gained mutation: You are frail (-10% HP). [potion of mutation]
  1662 | D:2      | Gained mutation: You regenerate slowly when monsters are visible. [potion of mutation]
  1673 | D:2      | HP: 1/37 [poisoned by Crazy Yiuf]
  1674 | D:2      | Succumbed to Crazy Yiuf's poison

Vault maps used:
D:1:      dpeg_arrival_leaves_temple_mockup
D:2:      okawaru_altar_gauntlet_db, hangedman_abyss_or_decor_stabs,
          minmay_door_square, uniq_robin, uniq_crazy_yiuf_cottage

Skill      XL: |  1  2  3 |
---------------+----------+-----
Unarmed Combat | 4 |  4.8
Dodging        | 2 |  2.3
Fighting       | 2 |  2.7
Spellcasting   | |  2.0
Transmutations | |  2.0

Action                   |  1- 3 |  4- 6 || total
-------------------------+-------+-------++-------
Melee: Unarmed           |    21 |       ||    21
       Dagger            |    76 |    60 ||   136
  Use: Potion            |       |     6 ||     6
 Stab: Sleeping          |     1 |       ||     1
  Eat: Chunk             |     1 |     2 ||     3
